 Dungeon Crawl Stone Soup version 0.13-a0-3016-gcb2faac (webtiles) character file.

185 Econoterrorist the Skirmisher (level 3, -4/24 HPs)
             Began as a Gargoyle Fighter on Sept 13, 2013.
             Slain by a gnoll
             ... wielding a +0,+1 spear
              (10 damage)
             ... on Level 2 of the Dungeon.
             The game lasted 00:03:26 (1014 turns).

Econoterrorist the Skirmisher (Gargoyle Fighter)    Turns: 1014, Time: 00:03:26

HP  -4/24        AC  7     Str 19      XL: 3   Next: 60%
MP   2/2         EV  7     Int  8      God:
Gold 141         SH 18     Dex 10      Spells:  0 memorised,  2 levels left

Res.Fire  : . . .   See Invis. : .   a - +0 mace
Res.Cold  : . . .   Warding    : .   q - -1 ring mail (curse)
Life Prot.: + . .   Conserve   : .   c - +0 shield
Res.Poison: +       Res.Corr.  : .   (no helmet)
Res.Elec. : +       Clarity    : .   (no cloak)
Sust.Abil.: . .     Spirit.Shd : .   (no gloves)
Res.Mut.  : .       Stasis     : .   (no boots)
Res.Rott. : +       Flight     : .   (no amulet)
Saprovore : . . .                    (no ring)
                                     (no ring)

@: not resistant to hostile enchantments, extremely unstealthy
A: fangs 1, talons 2, life protection 1, electricity resistance, slow metabolism
1, unbreathing, petrification resistance, AC +3
a: no special abilities


You were on level 2 of the Dungeon.
You were not hungry.

You visited 1 branch of the dungeon, and saw 2 of its levels.

You collected 121 gold pieces.

Inventory:

Hand weapons
 a - a +0,+0 mace (weapon)
Armour
 b - a +0 scale mail
 c - a +0 shield (worn)
 q - a cursed -1 ring mail (worn)
Comestibles
 d - 2 bread rations
 k - a honeycomb
 l - a choko
 o - an apple
Scrolls
 e - a scroll of recharging {unknown}
 f - 4 scrolls of identify {unknown}
 g - a scroll of fear {unknown}
 h - 3 scrolls of remove curse {unknown}
 i - 2 scrolls of enchant weapon I {unknown}
 j - a scroll of fog {unknown}
 m - a scroll of enchant armour {unknown}
 n - a scroll of curse armour {unknown}
 p - a scroll of teleportation {unknown}
Potions
 r - a potion of mutation {unknown}
 s - a potion of curing {unknown}


   Skills:
 + Level 4.0 Fighting
 + Level 3.5 Maces & Flails
 - Level 3.2 Armour
 - Level 3.2 Shields


You had 2 spell levels left.
You didn't know any spells.

Dungeon Overview and Level Annotations

Branches:
Dungeon (2/27)

Altars:


Innate Abilities, Weirdness & Mutations

You are resistant to torment.
You are immune to poison.
Your stone body is very resilient (AC +3).
You have very sharp teeth.
You have razor-sharp toenails.
You resist negative energy.
You are resistant to electric shocks.
You have a slow metabolism.
You can survive without breathing.
You are immune to petrification.


Message History

An adder and 3 gnolls come into view.
The gnoll shouts!
You sock the gnoll! Your kick misses the gnoll.
The gnoll is heavily wounded.
The gnoll hits you with a whip!
You closely miss the gnoll. You claw the gnoll.
The gnoll is severely wounded.
You block the gnoll's attack.
The gnoll hits you from afar with a spear.
You thump the gnoll!
You kill the gnoll!
Your Fighting skill increases to level 4!
The gnoll hits you from afar with a spear!
* * * LOW HITPOINT WARNING * * *
The adder closely misses you.
You sock the adder!
The adder is almost dead.
You block the adder's attack.
The gnoll hits you from afar with a spear!
You die...

.......#.)...# .#
########.....#####.##.#.
.........................
########.........#.#....
.....# #########.#
####.### #.# .......# #.#
.....#.# #.# ######.###
#@# .........# #S#
.......#.# +...g.#
########.# #.g.###
.......).# #...
########## #.. # #.. # #.
# #


You could see a gnoll and an adder.

Vanquished Creatures
  A gnoll (D:2)
  An adder (D:2)
  A worm (D:2)
  2 giant cockroaches (D:1)
  A hobgoblin (D:1)
  A giant gecko (D:2)
  A giant newt (D:2)
  4 goblins
  5 kobolds
  5 rats (D:1)
22 creatures vanquished.

Notes
Turn   | Place    | Note
--------------------------------------------------------------
     0 | D:1      | Econoterrorist, the Gargoyle Fighter, began the quest for the Orb.
     0 | D:1      | Reached XP level 1. HP: 14/14 MP: 0/0
   101 | D:1      | Reached XP level 2. HP: 19/19 MP: 1/1
   754 | D:2      | Reached XP level 3. HP: 24/24 MP: 2/2
  1013 | D:2      | Reached skill level 4 in Fighting
  1014 | D:2      | Slain by a gnoll

Action                   || total
-------------------------++-------
Melee: Mace              ||    51
